 Dungeon Crawl Stone Soup version 0.31-a0-626-g8143ab4f1d (webtiles) character file.

Game seed: 5695840333672307948

1381 zenocrate the Ruffian (level 8, 0/99 (102) HPs)
             Began as a Troll Shapeshifter on Aug 25, 2023.
             Was a Believer of Cheibriados.
             Slain by a wight
             ... wielding a +0 dagger
              (4 damage)
             ... on level 5 of the Dungeon.
             The game lasted 00:06:55 (3406 turns).

zenocrate the Ruffian (Troll Shapeshifter)          Turns: 3406, Time: 00:06:56

HP:   0/99 (102)    AC:  4    Str: 29    XL:     8   Next: 39%
MP:   8/8           EV: 10    Int:  9    God:    Cheibriados [**....]
Gold: 185           SH:  0    Dex: 17    Spells: 8/8 levels left

rFire   . .          .
                       - Unarmed
rCold   . . .        (shield currently unavailable)
rNeg    . . .        a - +0 animal skin
rPois   .            (helmet restricted)
rElec   .            (no cloak)
rCorr   .            (gloves unavailable)
SInv    .            (boots unavailable)
Will    .....        j - amulet of faith Stlth
                     p - +4 ring of slaying
HPRegen 1.16/turn    (no ring)
MPRegen 0.11/turn

%: faith
@: berserking (expiring), flux-form, silenced, glowing, lightly drained,
invisible (but backlit and visible), very slow
A: glow, contaminating, large, unfitting armour, claws 3, regeneration 1, shaggy
fur 1, tough skin 1
a: Begin Untransformation, Renounce Religion


You were on level 5 of the Dungeon.
You worshipped Cheibriados.
Cheibriados was pleased with you.
You were something dangerously unstable.
You visited 1 branch of the dungeon, and saw 5 of its levels.

You collected 185 gold pieces.

Inventory:

Missiles
 o - 2 boomerangs (quivered)
Armour
 a - a +0 animal skin (worn)
 n - a +2 kite shield
Jewellery
 i - a ring of ice
 j - an amulet of faith (around neck)
 p - a +4 ring of slaying (left claw)
Talismans
 c - a beast talisman
 d - a flux talisman (active)
Scrolls
 e - a scroll of fog
 g - a scroll of amnesia
 t - a scroll of enchant armour {unknown}
Potions
 b - a potion of lignification
 k - a potion of mutation
 q - a potion of might {unknown}
 r - 2 potions of invisibility
 u - a potion of brilliance {unknown}


   Skills:
 - Level 0.7 Fighting
 - Level 1.5 Dodging
 + Level 7.5 Unarmed Combat
 - Level 0.6 Spellcasting
 + Level 1.8 Invocations
 + Level 7.2 Shapeshifting


You had 8 spell levels left.
You didn't know any spells.
Your spell library contained the following spells:

 Spells                   Type           Power      Damage    Failure   Level
 Slow                     Hex            0%         N/A       36%         1
 Poisonous Vapours        Pois/Air       0%         N/A       52%         2
 Confusing Touch          Hex            0%         N/A       75%         3
 Mephitic Cloud           Conj/Pois/Air  0%         N/A       75%         3
 Vampiric Draining        Necr           0%         2d6       75%         3
 Freezing Cloud           Conj/Ice/Air   0%         6-21      100%        5


Dungeon Overview and Level Annotations

Branches:
Dungeon (5/15)
 Temple: D:4-7

Altars:
Ashenzari
Cheibriados
Elyvilon
Gozag
Kikubaaqudgha

Annotations:
D:4 3 runed translucent doors, mandarbmax's ghost, amateur KoGl


Innate Abilities, Weirdness & Mutations

You are something dangerously unstable.
You glow with magical radiation, making you easy to see and hit.
Foes you strike become dangerously contaminated with magical radiation.
You are incapable of wielding weapons or throwing items.
You are too large for most types of armour.
You have claws for hands.
Your natural rate of healing is unusually fast.
You are covered in fur. (AC +1)
You have tough skin. (AC +1)


Message History

The gnoll hits you from afar with a +0 spear.
* * * LOW HITPOINT WARNING * * *
Unknown command.
You closely miss the phantom. The gnoll hits you but does no damage.
Unknown command.
A red film seems to cover your vision as you go berserk!
Cheibriados forces you to slow down.
You feel mighty! The phantom hits you.
* * * LOW HITPOINT WARNING * * *
The phantom blinks!
You blink.
Unknown command.
You closely miss the phantom. The phantom misses you.
Unknown command.
You mangle the phantom!!
The phantom begins to glow.
The phantom is severely damaged.
You claw the phantom!
You destroy the phantom!
Cheibriados appreciates the change of pace.
The gnoll hits you from afar with a +0 spear.
* * * LOW HITPOINT WARNING * * *
Your life force feels restored.
The gnoll closely misses you. The gnoll hits you with a +0 spear.
* * * LOW HITPOINT WARNING * * *
The wight hits you with a +0 dagger.
* * * LOW HITPOINT WARNING * * *
You feel drained.
* * * LOW HITPOINT WARNING * * *
Unknown command.
You scratch the gnoll.
The gnoll begins to glow.
The gnoll is heavily wounded.
You claw the gnoll!
You kill the gnoll!
Cheibriados appreciates the change of pace.
The wight closely misses you.
Unknown command.
You mangle the iguana!!
You kill the iguana!
Cheibriados appreciates the change of pace.
The wight hits you with a +0 dagger.
You die...

....#.####......)......#
#)..#.#####....#######.#
#.....##.......#######.#
##[....................#
...#####...#.#######...##
##### ############.###.#
....! ##§###...#.# #.#
..... ##§§##†.8.#.###.#
....$###'##O§#.B.##...##
#.W§#§§#.#)z.#.)..#
#.oO#§###fO8.'.#..#
#...+##..#.^.###))#
.....##...#...# #..#
#......#...#+.8.# #..#
#......+..# #...# #..#
########## ##### #..#
#..#


You could see an ogre, a sleepcap and a wight.

Vanquished Creatures
  Grinder (D:3)
  Duvessa (D:4)
  2 water moccasins (D:5)
  Pargi (D:3)
  An ice beast (D:5)
  An ogre (D:5)
  2 phantoms (D:5)
  Dowan (D:4)
  A jelly (D:4)
  3 hounds
  An iron imp (D:3)
  2 iguanas (D:5)
  Terence (D:3)
  3 orc wizards (D:5)
  2 gnolls
  4 adders
  An ufetubus (D:5)
  A dart slug (D:5)
  11 orcs
  3 bats
  7 endoplasms
  8 giant cockroaches
  8 goblins
  3 hobgoblins
  4 jackals (D:1)
  8 kobolds
  3 quokkas
  8 ball pythons
  3 frilled lizards (D:1)
  8 rats
103 creatures vanquished.

Notes
Turn   | Place    | Note
-------+----------+-------------------------------------------
     0 | D:1      | zenocrate the Troll Shapeshifter began the quest for the
                  | Orb.
     0 | D:1      | Reached XP level 1. HP: 18/18 MP: 0/0
    52 | D:1      | Reached XP level 2. HP: 21/26 MP: 1/1
   136 | D:1      | Reached XP level 3. HP: 32/32 MP: 2/2
   171 | D:1      | Found a faded altar of an unknown god.
   672 | D:2      | Found a white marble altar of Elyvilon.
   861 | D:2      | Reached XP level 4. HP: 40/40 MP: 3/3
  1103 | D:3      | Noticed Grinder
  1107 | D:3      | Paralysed by Grinder for 3 turns
  1127 | D:3      | Killed Grinder
  1128 | D:3      | Reached skill level 5 in Shapeshifting
  1128 | D:3      | Reached XP level 5. HP: 33/46 MP: 4/4
  1270 | D:3      | Noticed Terence
  1278 | D:3      | Killed Terence
  1279 | D:3      | Reached XP level 6. HP: 42/54 MP: 5/5
  1352 | D:3      | Found a snail-covered altar of Cheibriados.
  1512 | D:3      | Became a worshipper of Cheibriados the Contemplative
  1770 | D:3      | Noticed Pargi
  1776 | D:3      | Killed Pargi
  1777 | D:3      | Reached skill level 5 in Unarmed Combat
  1976 | D:4      | Found a broken altar of Ashenzari.
  2045 | D:4      | Noticed Dowan
  2051 | D:4      | Noticed Duvessa
  2066 | D:4      | Killed Duvessa
  2067 | D:4      | Reached XP level 7. HP: 11/61 MP: 6/6
  2069 | D:4      | Killed Dowan
  2213 | D:4      | Reached * piety under Cheibriados
  2617 | D:4      | Found a runed translucent gate.
  2617 | D:4      | Found a runed translucent gate.
  2617 | D:4      | Found an opulent altar of Gozag.
  2618 | D:4      | Found a runed translucent gate.
  2621 | D:4      | Noticed mandarbmax's ghost (amateur KoGl)
  2969 | D:5      | Entered Level 5 of the Dungeon
  2973 | D:5      | Found an ancient bone altar of Kikubaaqudgha.
  3268 | D:5      | Reached XP level 8. HP: 49/68 MP: 7/7
  3319 | D:5      | Reached ** piety under Cheibriados
  3359 | D:5      | Reached skill level 1 in Invocations
  3403 | D:5      | HP: 3/102 [wight/+0 dagger (5)]
  3403 | D:5      | HP: 1/99 [wight/+0 dagger (2)]
  3406 | D:5      | Slain by a wight

Illustrated notes

Levels and vault maps discovered:
D:1:      minmay_arrival_plants_in_alcoves, layout_rooms,
          dreamdust_ecumenical_altar_statues, hangedman_abyss_or_decor_stabs,
          minmay_misc_feat_cross, amcnicky_mini_corridor_feature,
          corexii_hall_statues_u
D:2:      layout_loops_ring, basic_altar
D:3:      layout_loops_corners, chei_slow_surprise, uniq_grinder, uniq_terence,
          uniq_pargi
D:4:      layout_basic, evilmike_ruin_ashenzari, ebering_ghost_gozag,
          kennysheep_generic_room_4, uniq_duvessa
D:5:      minmay_chambers_of_threes, layout_loops_ring,
          nicolae_overflow_crystal_walls

Skill      XL: |  1  2  3  4  5  6  7  8 |
---------------+-------------------------+-----
Unarmed Combat | 4 5 7 |  7.5
Shapeshifting  | 5 6 7 |  7.2
Invocations    | 1 |  1.8
Fighting       | |  0.7
Dodging        | |  1.5
Spellcasting   | |  0.6

Action                     |  1- 3 |  4- 6 |  7- 9 || total
---------------------------+-------+-------+-------++-------
  Melee: Unarmed           |    71 |    79 |    77 ||   227
         Punch             |       |       |     2 ||     2
    Use: Scroll            |       |     3 |     6 ||     9
         Potion            |       |       |     3 ||     3
   Stab: Sleeping          |       |     3 |       ||     3
 Armour: Animal skin       |    22 |    19 |    11 ||    52
  Dodge: Dodged            |    36 |    42 |    42 ||   120
   Form: Flux              |       |       |     1 ||     1

Table legend: (Time is in decaauts)
 A = Elapsed time spent in this place.
 B = Non-inter-level travel time spent in this place.
 C = Inter-level travel time spent in this place.
 D = Time resting spent in this place.
 E = Time spent auto-exploring this place.
 F = Levels seen in this place.
 G = Mean time per level.
                   A        B        C        D        E       F      G
               +--------+--------+--------+--------+--------+-----+--------+
         Total |   3960 |   3834 |    126 |      0 |   3187 |   5 |  792.0 |
       Dungeon |   3960 |   3834 |    126 |      0 |   3187 |   5 |  792.0 |
               +--------+--------+--------+--------+--------+-----+--------+

Top non-repeatable levels by time:
     D:4: 1353 daAuts
     D:3: 1116 daAuts
     D:5: 572 daAuts
     D:2: 492 daAuts
     D:1: 425 daAuts
